 Dungeon Crawl Stone Soup version 0.25.1-2-g60ff931df9 (webtiles) character file.

Game seed: 2618828925769761086

147 gruber the Ruffian (level 5, 0/60 HPs)
             Began as a Draconian Transmuter on Oct 4, 2020.
             Succumbed to Crazy Yiuf's poison
             ... on level 3 of the Dungeon.
             The game lasted 00:02:50 (3620 turns).

gruber the Ruffian (Draconian Transmuter)           Turns: 3620, Time: 00:02:51

Health: 0/60       AC: 26    Str: 10 (12) XL:     5   Next: 8%
Magic:  1/8        EV:  2    Int: 14 (15) God:
Gold:   246        SH:  0    Dex: 10 (11) Spells: 2/8 levels left

rFire    . . .     SeeInvis .     - Unarmed
rCold    . . .     Gourm    .   (no shield)
rNeg     + + +     Faith    .   (armour unavailable)
rPois    +         Spirit   .   (helmet currently unavailable)
rElec    .         Reflect  .   (cloak currently unavailable)
rCorr    .         Harm     .   (gloves currently unavailable)
MR       .....     NoTele   +   (boots currently unavailable)
Stlth    +.........             h - amulet of the acrobat
HPRegen  0.20/turn              d - +4 ring of protection
MPRegen  0.11/turn              n - ring of flight

@: lethally poisoned (0 -> -9), tree-form, acrobat, very slightly contaminated
A: unfitting armour, AC +5
a: no special abilities


You were on level 3 of the Dungeon.
You were hungry.
You were a tree.
You visited 1 branch of the dungeon, and saw 3 of its levels.

You collected 246 gold pieces.

Inventory:

Missiles
 a - 30 arrows
Armour
 o - a +0 pair of gloves (melded)
 s - a +0 cloak (melded)
Jewellery
 d - a +4 ring of protection (left branch)
 h - an amulet of the acrobat (around neck)
 n - a ring of flight (right branch)
Wands
 q - a wand of flame (20)
Scrolls
 b - 3 scrolls of remove curse {unknown}
 e - 4 scrolls of identify {unknown}
 f - 4 scrolls of teleportation {unknown}
 g - 2 scrolls of noise {unknown}
 j - a scroll of amnesia {unknown}
 p - a scroll of fear {unknown}
 r - a scroll of magic mapping {unknown}
 u - a scroll of blinking {unknown}
 v - a scroll of immolation {unknown}
Potions
 k - 2 potions of degeneration
 l - a potion of mutation {unknown}
 m - 3 potions of curing {unknown}
 t - 2 potions of haste {unknown}
Comestibles
 c - 10 rations
 w - a chunk of flesh


   Skills:
 - Level 1.1 Fighting
 - Level 1.7 Dodging
 - Level 5.2 Unarmed Combat
 - Level 2.0 Spellcasting
 - Level 2.0 Transmutations
 + Level 2.2 Poison Magic


You had 2 spell levels left.
You knew the following spells:

 Your Spells              Type           Power        Failure   Level  Hunger
a - Beastly Appendage     Tmut           #.....       11%         1    ##.....
b - Sticks to Snakes      Tmut           #.......     16%         2    ###....
c - Spider Form           Tmut/Pois      #.........   30%         3    ####...

Your spell library contained the following spells:

 Spells                   Type           Power        Failure   Level  Hunger
 Ice Form                 Ice/Tmut       #.......     83%         4    #####..
 Blade Hands              Tmut           #.........   96%         5    ######.


Dungeon Overview and Level Annotations

Branches:
Dungeon (3/15)

Altars:
Wu Jian


Innate Abilities, Weirdness & Mutations

((Your plain brown scales are hard. (AC +5)))
You cannot fit into any form of body armour.
((You are cold-blooded and may be slowed by cold attacks.))


Message History

Unknown command.
* * * LOW HITPOINT WARNING * * *
You feel sick.
* * * LOW HITPOINT WARNING * * *
You feel sick.
You kill Crazy Yiuf!
Your Poison Magic skill increases to level 2!
You have reached level 5!
It was a potion of degeneration.
There was something very wrong with that liquid.
You feel weakened.
You feel dopey.
You feel clumsy.
* * * LOW HITPOINT WARNING * * *
You feel sick.
It was a potion of lignification.
You turn into a tree.
Your +0 cloak melds into your body.
Your +0 pair of gloves melds into your body.
Your roots penetrate the ground.
* * * LOW HITPOINT WARNING * * *
You feel sick.
You die...

##.# #.#
#.## #.#
##.# #.#
##.## #.#
##.P.# #.#
#.PPP# #.#
#.)..# #.#
#....###.#
#..S♣....#
##...#####
#####


You could see a friendly ball python.

Vanquished Creatures
  Crazy Yiuf (D:3)
  3 adders (D:2)
  A shadow imp (D:3)
  A worm (D:3)
  A dart slug (D:1)
  5 leopard geckos
  An orc (D:3)
  2 ball pythons (D:3)
  10 bats
  3 giant cockroaches
  13 goblins
  7 hobgoblins
  4 jackals
  6 kobolds
  2 quokkas
  7 frilled lizards
  8 rats
  A fungus (D:3)
76 creatures vanquished.

Notes
Turn   | Place    | Note
-------+----------+-------------------------------------------
     0 | D:1      | gruber the Draconian Transmuter began the quest for the
                  | Orb.
     0 | D:1      | Reached XP level 1. HP: 16/16 MP: 3/3
   289 | D:1      | Reached XP level 2. HP: 17/23 MP: 3/5
   519 | D:1      | Learned a level 2 spell: Sticks to Snakes
   740 | D:1      | Reached skill level 4 in Unarmed Combat
  1092 | D:1      | Reached XP level 3. HP: 28/28 MP: 4/6
  1785 | D:2      | Learned a level 3 spell: Spider Form
  1895 | D:2      | Reached XP level 4. HP: 27/35 MP: 5/7
  2101 | D:2      | Reached skill level 5 in Unarmed Combat
  2666 | D:3      | Reached skill level 1 in Poison Magic
  2970 | D:3      | Found an ornate altar of the Wu Jian Council.
  3599 | D:3      | Found a runed translucent door.
  3600 | D:3      | Noticed Crazy Yiuf
  3617 | D:3      | Killed Crazy Yiuf
  3617 | D:3      | Reached XP level 5. HP: 2/40 MP: 1/8
  3618 | D:3      | HP: 1/40 [poisoned by Crazy Yiuf]
  3620 | D:3      | Succumbed to Crazy Yiuf's poison

Illustrated notes

Levels and vault maps discovered:
D:1:      scummos_arrival_star, layout_loops_ring
D:2:      cheibrodos_greedy_goblins, layout_loops_ring, first_ration,
          minmay_pentomino_r4
D:3:      layout_basic, lemuel_doored_altar, uniq_crazy_yiuf_cottage

Skill      XL: |  1  2  3  4 |
---------------+-------------+-----
Unarmed Combat | 4 5 |  5.2
Poison Magic   | 2 |  2.2
Fighting       | |  1.1
Dodging        | |  1.7
Spellcasting   | |  2.0
Transmutations | |  2.0

Action                   |  1- 3 |  4- 6 || total
-------------------------+-------+-------++-------
Melee: Unarmed           |   133 |   116 ||   249
       Tailslap          |    15 |    12 ||    27
       Kick              |     5 |     4 ||     9
       Headbutt          |     1 |     1 ||     2
       Punch             |       |     2 ||     2
 Cast: Beastly Appendage |     7 |     6 ||    13
       Spider Form       |       |     2 ||     2
       Sticks to Snakes  |       |     2 ||     2
  Use: Potion            |       |     2 ||     2
 Stab: Sleeping          |     1 |       ||     1
  Eat: Chunk             |     3 |     6 ||     9
Armor: Skin              |    35 |    48 ||    83
Dodge: Dodged            |    76 |    77 ||   153
